 Dungeon Crawl Stone Soup version 0.22-a0-407-gb098539 (webtiles) character file.

7723 emperorscorpion the Carver (level 11, 0/151 HPs)
             Began as a Minotaur Berserker on May 9, 2018.
             Was a High Priest of Trog.
             Slain by a queen bee (5 damage)
             ... on level 11 of the Dungeon on May 10, 2018.
             The game lasted 00:08:08 (4141 turns).

emperorscorpion the Carver (Minotaur Berserker)     Turns: 4141, Time: 00:08:08

Health: 0/151      AC: 16    Str: 29    XL:     11   Next: 0%
Magic:  10/10      EV:  9    Int:  4    God:    Trog [*****.]
Gold:   115        SH:  0    Dex: 11    Spells: 10/10 levels left

rFire    . . .     SeeInvis .   a - +0 long sword (drain)
rCold    . . .     Gourm    .   (no shield)
rNeg     + . .     Faith    .   f - +1 plate armour
rPois    .         Spirit   .   (helmet restricted)
rElec    .         Reflect  .   (no cloak)
rCorr    .         Harm     .   (no gloves)
MR       .....                  (no boots)
Stlth    ..........             (no amulet)
HPRegen  0.35/turn              m - ring of positive energy
MPRegen  0.12/turn              (no ring)

@: berserking (expiring), lethally poisoned (0 -> -19), very quick
A: retaliatory headbutt, horns 2
a: Berserk, Trog's Hand, Brothers in Arms, Renounce Religion


You were on level 11 of the Dungeon.
You worshipped Trog.
Trog was extremely pleased with you.
You were not hungry.

You visited 1 branch of the dungeon, and saw 11 of its levels.
You also visited: Ossuary.

You collected 271 gold pieces.
You spent 156 gold pieces at shops.

Inventory:

Hand Weapons
 a - a +0 long sword of draining (weapon)
 l - a +0 falchion
 r - a +4 falchion
Missiles
 n - 3 javelins of penetration (quivered)
 q - 20 stones
Armour
 b - a +1 animal skin
 f - a +1 plate armour (worn)
 p - a +0 troll leather armour
Jewellery
 m - a ring of positive energy (left hand)
Scrolls
 o - a scroll of enchant armour
 s - a scroll of remove curse
Potions
 d - 5 potions of curing
 e - a potion of lignification
 g - 3 potions of might
 h - 2 potions of resistance {unknown}
 i - a potion of magic {unknown}
 j - 2 potions of degeneration {unknown}
 k - a potion of ambrosia {unknown}
Comestibles
 c - 6 rations


   Skills:
 + Level 10.4 Fighting
 + Level 13.3 Long Blades
 + Level 11.3 Armour
 + Level 3.3 Dodging
 + Level 1.0 Stealth


You had 10 spell levels left.
You didn't know any spells.

Dungeon Overview and Level Annotations

Branches:
Dungeon (11/15)            Temple (0/1) D:5            Lair (0/6) D:9
    Orc (0/2) D:10

Altars:

Shops:
D:11 (


Innate Abilities, Weirdness & Mutations

You reflexively headbutt those who attack you in melee.
You have a pair of horns on your head.


Message History

The orc priest hits you but does no damage.
A basilisk comes into view.
Items here: ) [ †† a flail; a leather armour; a killer bee corpse x2
You closely miss the orc priest.
* * * LOW HITPOINT WARNING * * *
You feel sick.
The basilisk hisses angrily.
The queen bee stings you but does no damage.
You slash the orc priest! Your headbutt misses the orc priest.
The orc priest is almost dead.
* * * LOW HITPOINT WARNING * * *
You feel sick. The orc priest hits you.
* * * LOW HITPOINT WARNING * * *
You slice the orc priest!!
You kill the orc priest!
Trog accepts your kill.
* * * LOW HITPOINT WARNING * * *
You feel sick. The queen bee stings you.
You die...

###.........#
............#####...
....................
....................
.....$..######...###
####..†.# ...#
###).# ..# #†.# ..#
##@# .# #yZ# .#
#y#.# #l##9# #.# ...
## ... ..# ...#


You could see a queen bee, a basilisk, a gargoyle, a killer bee and a centaur
warrior zombie.

Vanquished Creatures
  3 two-headed ogres
  An unseen horror (D:10)
  An ugly thing (D:11)
  A komodo dragon (D:9)
  A troll (D:8)
  A hippogriff (D:7)
  5 wyverns
  A vampire (D:9)
  4 hungry ghosts
  An acid dragon (D:9)
  A black bear (D:10)
  An eye of draining (D:10)
  3 orc warriors
  A phantom (D:4)
  2 ogres
  2 centaurs
  3 bullfrogs
  A gnoll sergeant (D:9)
  A water moccasin zombie (Ossuary)
  11 killer bees (D:11)
  A troll zombie (D:10)
  3 crimson imps
  A bullfrog zombie (D:9)
  4 hounds
  2 jellies
  4 orc priests
  4 iguanas
  Natasha (D:2)
  6 orc wizards
  2 worker ants
  5 big kobold zombies (Ossuary)
  3 ogre zombies (D:10)
  A hound zombie (D:10)
  2 mummies (Ossuary)
  2 adders
  5 gnolls (D:9)
  2 shadow imps
  4 adder zombies
  3 leopard geckos
  14 orcs
  2 bats (D:1)
  A giant cockroach (D:2)
  2 gnoll zombies (Ossuary)
  2 goblins (D:1)
  A hobgoblin (D:2)
  6 jackals (D:9)
  A quokka (D:5)
  4 frilled lizards (D:1)
  10 hobgoblin zombies
  6 kobold zombies (Ossuary)
  2 orc skeletons (D:10)
  8 orc zombies (D:10)
  5 rats
164 creatures vanquished.

Vanquished Creatures (others)
  A kraken (D:1)
  An octopode (D:1)
  A formicid (D:1)
  A naga (D:1)
  3 dwarves (D:1)
  An ogre (D:1)
  An orc (D:1)
  A kobold (D:1)
  6 tentacles (D:1)
16 creatures vanquished.

Grand Total: 180 creatures vanquished

Notes
Turn   | Place    | Note
-------+----------+-------------------------------------------
     0 | D:1      | emperorscorpion the Minotaur Berserker began the quest for the Orb.
     0 | D:1      | Reached XP level 1. HP: 19/19 MP: 0/0
     2 | D:1      | Noticed a dwarf
     2 | D:1      | Noticed a naga
     2 | D:1      | Noticed an ogre
     2 | D:1      | Noticed a dwarf
     2 | D:1      | Noticed a dwarf
     2 | D:1      | Noticed a formicid
     2 | D:1      | Noticed a kraken
     2 | D:1      | Noticed an octopode
     2 | D:1      | Noticed a draconian
     2 | D:1      | Noticed an elf
     2 | D:1      | Noticed a draconian
     2 | D:1      | Noticed a ghoul
     2 | D:1      | Noticed a vampire
     2 | D:1      | Noticed a troll
     3 | D:1      | Killed a naga
     5 | D:1      | Killed a dwarf
     5 | D:1      | Killed an ogre
     5 | D:1      | Killed a dwarf
     6 | D:1      | Killed a formicid
     6 | D:1      | Killed an octopode
     7 | D:1      | Killed a dwarf
    13 | D:1      | Killed a kraken
   298 | D:1      | Reached XP level 2. HP: 27/27 MP: 1/1
   395 | D:1      | Reached skill level 4 in Long Blades
   484 | D:2      | Noticed Natasha
   490 | D:2      | Killed Natasha
   490 | D:2      | Reached XP level 3. HP: 22/33 MP: 2/2
   497 | D:2      | You fall through a shaft for 2 floors!
   497 | D:4      | Noticed an ogre
   509 | D:4      | Noticed a phantom
   514 | D:4      | Reached XP level 4. HP: 40/41 MP: 3/3
   517 | D:4      | Killed a phantom
   517 | D:4      | Reached skill level 5 in Long Blades
   517 | D:4      | Reached XP level 5. HP: 46/47 MP: 4/4
   640 | D:5      | Entered Level 5 of the Dungeon
   640 | D:5      | Found a staircase to the Ecumenical Temple.
   640 | D:5      | Found a sand-covered staircase.
   640 | D:5      | Noticed an ogre
   645 | D:5      | Killed an ogre
   645 | D:5      | Reached ** piety under Trog
   645 | D:5      | Reached skill level 5 in Fighting
   656 | D:5      | Reached XP level 6. HP: 50/56 MP: 5/5
   660 | Ossuary  | Entered an ossuary
   697 | Ossuary  | Reached skill level 6 in Long Blades
  1079 | Ossuary  | Reached skill level 7 in Long Blades
  1147 | D:5      | Reached XP level 7. HP: 62/62 MP: 6/6
  1359 | D:7      | Noticed a hippogriff
  1367 | D:7      | Killed a hippogriff
  1367 | D:7      | Reached skill level 8 in Long Blades
  1401 | D:8      | Reached *** piety under Trog
  1406 | D:8      | Reached skill level 5 in Armour
  1462 | D:8      | Noticed a troll
  1470 | D:8      | Killed a troll
  1470 | D:8      | Reached skill level 9 in Long Blades
  1470 | D:8      | Reached XP level 8. HP: 64/71 MP: 7/7
  1889 | D:8      | Noticed a two-headed ogre
  1903 | D:8      | Killed a two-headed ogre
  1903 | D:8      | Reached skill level 10 in Long Blades
  2006 | D:8      | Reached XP level 9. HP: 80/80 MP: 8/8
  2392 | D:9      | Noticed a two-headed ogre
  2394 | D:9      | Reached skill level 11 in Long Blades
  2399 | D:9      | Reached **** piety under Trog
  2404 | D:9      | Killed a two-headed ogre
  2772 | D:9      | Noticed a komodo dragon
  2782 | D:9      | Killed a komodo dragon
  2782 | D:9      | Reached XP level 10. HP: 91/91 MP: 9/9
  2783 | D:9      | Found a staircase to the Lair.
  2875 | D:9      | Reached skill level 12 in Long Blades
  3158 | D:9      | Reached skill level 10 in Armour
  3481 | D:10     | Entered Level 10 of the Dungeon
  3558 | D:10     | Killed an unseen horror
  3721 | D:10     | Found a staircase to the Orcish Mines.
  3956 | D:10     | Reached ***** piety under Trog
  3969 | D:11     | Noticed a two-headed ogre
  3969 | D:11     | Noticed a green ugly thing
  3996 | D:11     | Killed a green ugly thing
  3996 | D:11     | Reached skill level 10 in Fighting
  4000 | D:11     | Killed a two-headed ogre
  4000 | D:11     | Received a gift from Trog
  4000 | D:11     | Reached skill level 13 in Long Blades
  4081 | D:11     | Found Juedugh's Antique Weapon Emporium.
  4088 | D:11     | Reached skill level 1 in Stealth
  4092 | D:11     | Bought a runed long sword for 156 gold pieces
  4124 | D:11     | Noticed a gargoyle
  4135 | D:11     | Reached XP level 11. HP: 14/101 MP: 10/10
  4140 | D:11     | HP: 7/151 [poisoned by a killer bee]
  4141 | D:11     | Slain by a queen bee

Vault maps used:
D:1:      nicolae_arrival_kraken_aquarium_b, hex_intersection,
          minmay_misc_feat_tiny
D:2:      uniq_natasha
D:4:      minmay_opposing_rooms, first_ration
D:5:      minmay_temple_entry_statues_fountains, nicolae_ossuary_entry_ruins,
          uniq_grinder, uniq_blork_the_orc, uniq_menkaure
D:6:      kennysheep_little_box, portal_sewer_entry_e, kennysheep_generic_room_6
D:8:      minmay_distorted_concentric_squares
D:9:      erik_lair_dragon
D:10:     zombieorc1_lemuel, nicolae_two_hexagons
D:11:     giant_chief_lemuel, serial_shops, shop, david_nohive_1,
          minmay_three_doors
Ossuary:  ossuary_tomb_2

Skill      XL: |  1  2  3  4  5  6  7  8  9 10 |
---------------+-------------------------------+-----
Long Blades    | 4 5 7 9 10 11 13 | 13.3
Fighting       | 4 5 6 7 9 10 | 10.4
Armour         | 3 4 5 7 9 11 | 11.3
Dodging        | 3 |  3.3
Stealth        | 1 |  1.0

Action                   |  1- 3 |  4- 6 |  7- 9 | 10-12 || total
-------------------------+-------+-------+-------+-------++-------
Melee: Falchion          |    39 |   113 |   155 |   144 ||   451
       Headbutt          |     4 |    38 |    45 |    42 ||   129
       Long sword        |       |       |       |    32 ||    32
Invok: Berserk           |     1 |     2 |     8 |     2 ||    13
  Use: Scroll            |       |       |    14 |       ||    14
  Eat: Chunk             |       |     2 |    15 |     8 ||    25
       Ration            |       |       |       |     1 ||     1
Armor: Plate armour      |    26 |    60 |    72 |    94 ||   252
       Animal skin       |     3 |       |       |       ||     3
Dodge: Dodged            |    18 |    37 |    64 |    63 ||   182
       Rpst.: Falchion   |     6 |     6 |    17 |    10 ||    39
       Long sword        |       |       |       |     9 ||     9

Table legend:
 A = Spawn XP
 B = Non-spawn XP
 C = Spawn XP percentage of total XP
 D = Spawn monster count
 E = Non-spawn monster count
 F = Spawn count percentage of total count
 G = Total turns spent on level
                    A         B        C        D         E        F      G
               +---------+---------+-------+---------+---------+-------+---------
         Total |       0 |   11034 |   0.0 |       0 |     164 |   0.0 |  4141
               +---------+---------+-------+---------+---------+-------+---------
           D:1 |       0 |      18 |   0.0 |       0 |      13 |   0.0 |   410
           D:2 |       0 |      40 |   0.0 |       0 |       4 |   0.0 |    91
           D:4 |       0 |     171 |   0.0 |       0 |       2 |   0.0 |    36
           D:5 |       0 |     289 |   0.0 |       0 |       8 |   0.0 |   122
           D:6 |       0 |      22 |   0.0 |       0 |       3 |   0.0 |   124
           D:7 |       0 |     266 |   0.0 |       0 |       1 |   0.0 |    34
           D:8 |       0 |    2305 |   0.0 |       0 |      22 |   0.0 |   702
           D:9 |       0 |    3270 |   0.0 |       0 |      34 |   0.0 |  1401
          D:10 |       0 |    2021 |   0.0 |       0 |      32 |   0.0 |   488
          D:11 |       0 |    2357 |   0.0 |       0 |      18 |   0.0 |   172
       Ossuary |       0 |     275 |   0.0 |       0 |      27 |   0.0 |   458
               +---------+---------+-------+---------+---------+-------+---------
